 Dungeon Crawl Stone Soup version 0.28.0-53-g5a82cb258f (webtiles) character file.

Game seed: 18337409698761450896

75 mortz the Covered (level 3, 0/31 HPs)
             Began as a Demigod Fighter on June 5, 2022.
             Slain by a gnoll
             ... wielding a +0 flail
              (1 damage)
             ... on level 2 of the Dungeon.
             The game lasted 00:05:34 (1162 turns).

mortz the Covered (Demigod Fighter)                 Turns: 1162, Time: 00:05:35

Health: 0/31       AC:  9    Str: 21    XL:     3   Next: 88%
Magic:  5/5        EV:  7    Int: 10    God:
Gold:   40         SH:  4    Dex: 13    Spells: 2/2 levels left

rFire   . . .      SeeInvis .   a - +0 long sword {long}
rCold   . . .      Faith    .   c - +0 buckler
rNeg    . . .      Spirit   .   p - +0 chain mail
rPois   .          Reflect  .   (no helmet)
rElec   .          Harm     .   (no cloak)
rCorr   .          Rampage  .   (no gloves)
Will    .....                   (no boots)
Stlth   ..........              (no amulet)
HPRegen 0.10/turn               (no ring)
MPRegen 0.09/turn               (no ring)

@: no status effects
A: high MP 1, forlorn, divine attributes
a: no special abilities


You were on level 2 of the Dungeon.
You visited 1 branch of the dungeon, and saw 2 of its levels.

You collected 40 gold pieces.


Innate Abilities, Weirdness & Mutations

You have an increased reservoir of magic. (+10% MP)
You shall have no god before yourself.
Your divine heritage dramatically boosts your attributes as you level up.


   Skills:
 + Level 3.2 Fighting
 + Level 2.5 Long Blades
 + Level 3.5 Armour
 + Level 0.1 Dodging
 + Level 2.9 Shields


You had 2 spell levels left.
You didn't know any spells.
Your spell library contained the following spells:

 Spells                   Type           Power      Damage    Failure   Level
 Ensorcelled Hibernation  Hex/Ice        0%         N/A       100%        2
 Passwall                 Tmut/Erth      0%         N/A       100%        2
 Swiftness                Air            0%         N/A       100%        3

Inventory:

Hand Weapons
 a - a +0 long sword (weapon) {long}
Missiles
 g - 29 stones (quivered) {throwing}
 m - 17 arrows
 n - 20 sling bullets
 o - 4 poisoned darts {throwing}
Armour
 b - a +0 scale mail
 c - a +0 buckler (worn)
 p - a +0 chain mail (worn)
   (You found it on level 1 of the Dungeon)
Scrolls
 h - a scroll of identify {unknown}
 i - a scroll of vulnerability {unknown}
 l - a scroll of teleportation {unknown}
Potions
 d - 3 potions of might
 e - a potion of degeneration {unknown}
 f - a potion of brilliance {unknown}
 j - a potion of attraction {unknown}
 k - a potion of curing {unknown}
 q - 2 potions of lignification {unknown}
 r - a potion of ambrosia {unknown}

Dungeon Overview and Level Annotations

Branches:
Dungeon (2/15)

####### ##
#.....############...
#........†..@........
###.....#######g..#####
#...##### #[###
###.##### #)# ........#
#.# ........# #.#
........# #.# ........#
..# ........# #.#


You could see a gnoll.


Message History

You take 1 damage, and now have 23/31 hp.
You slash the hobgoblin!
You kill the hobgoblin!
You climb upwards.
There is a stone staircase leading down here. 😕 HP[+1]
You start resting. 😎 HP[+7]
Your hp is fully restored (31).
You climb downwards.
The worm bites you.
There is a stone staircase leading up here. 😕 HP[-4]
You take 4 damage, and now have 27/31 hp.
You slash the worm! The worm bites you but does no damage.
You hit the worm. The worm barely misses you.
You hit the worm. You block the worm's attack.
You hit the worm. You slash the worm!
You kill the worm!
A ball python comes into view.
The ball python hisses angrily. 😎 HP[+4]
Your hp is fully restored (31).
You closely miss the ball python.
The ball python bites you but does no damage.
The ball python grabs you. The ball python constricts you.
You slash the ball python!
You kill the ball python!
No target in view!
You see here a ball python corpse.
A gnoll comes into view. It is wielding a +0 club.
The gnoll shouts!
An adder comes into view.
You see here a fizzy green potion.
r - a fizzy green potion An adder comes into view.
A gnoll comes into view. It is wielding a +0 flail.
The gnoll hits you but does no damage.
You see here a +0 ring mail.
You barely miss the gnoll. The gnoll hits you but does no damage.
You closely miss the gnoll. The gnoll closely misses you.
The gnoll hits you but does no damage.
You slash the gnoll! The gnoll closely misses you.
You hit the gnoll but do no damage. The gnoll hits you but does no damage.
You slash the gnoll!
You kill the gnoll!
The adder bites you but does no damage.
You closely miss the adder. You block the adder's attack.
You miss the adder. The adder bites you but does no damage.
You block the adder's attack.
You closely miss the adder.
The adder bites you but does no damage. x2
You slash the adder!
You kill the adder!
The adder bites you but does no damage.
You barely miss the adder. The adder bites you.
The adder bites you but does no damage. 😕 HP[-2]
You take 2 damage, and now have 29/31 hp.
You barely miss the adder. The adder bites you but does no damage.
You miss the adder. The adder closely misses you. The adder bites you.
You are poisoned.
The adder poisons you! 😕 HP[-3]
You take 3 damage, and now have 26/31 hp.
You hit the adder.
You feel sick. You block the adder's attack.
The adder bites you but does no damage. 😕 HP[-2]
You take 2 damage, and now have 24/31 hp.
You completely miss the adder.
You feel sick. The adder closely misses you.
The adder barely misses you. 😮 HP[-1]
You take 1 damage, and now have 23/31 hp.
You hit the adder.
You feel sick. The adder barely misses you. 😮 HP[-1]
You take 1 damage, and now have 22/31 hp.
You hit the adder but do no damage.
You feel sick.
You are no longer poisoned.
The adder bites you but does no damage. The adder barely misses you. 😮 HP[-1]
You take 1 damage, and now have 21/31 hp.
You slash the adder!
You kill the adder! 😮 HP[+1]
You hit the gnoll but do no damage. The gnoll hits you but does no damage.
You barely miss the gnoll.
The gnoll hits you but does no damage. x2
You hit the gnoll.
The gnoll hits you with a +0 flail. 😮 HP[-5]
You take 5 damage, and now have 17/31 hp.
You slash the gnoll! The gnoll hits you with a +0 flail.
* * * LOW HITPOINT WARNING * * *
😨 HP[-5]
You take 5 damage, and now have 12/31 hp.
You closely miss the gnoll. The gnoll hits you with a +0 flail!
* * * LOW HITPOINT WARNING * * *
😱 HP[-11]
You take 11 damage, and now have 1/31 hp.
MASSIVE DAMAGE!! (PAUSE)
The gnoll hits you with a +0 flail.
You die...

Skill      XL: |  1  2 |
---------------+-------+-----
Fighting       | 3 |  3.2
Armour         | 3 |  3.5
Long Blades    | 2 |  2.5
Dodging        | |  0.1
Shields        | |  2.9

Action                   || total
-------------------------++-------
Melee: Long sword        ||    99
Armor: Scale mail        ||    23
       Chain mail        ||    34
Dodge: Dodged            ||    34
Block: Buckler           ||    24

Levels and vault maps discovered:
D:1:      psy_arrival_fountain, layout_basic, ebering_ecumenical_altar_webs,
          minmay_misc_feat_columns
D:2:      layout_rooms, basic_altar

Notes
Turn   | Place    | Note
-------+----------+-------------------------------------------
     0 | D:1      | mortz the Demigod Fighter began the quest for the Orb.
     0 | D:1      | Reached XP level 1. HP: 18/18 MP: 3/3
     0 | D:1      | magus.rc [v1.9.6]
    30 | D:1      | Reached XP level 2. HP: 17/25 MP: 4/4
   289 | D:1      | Reached skill level 3 in Fighting
   291 | D:1      | Reached skill level 3 in Armour
   452 | D:1      | Reached skill level 2 in Long Blades
   708 | D:1      | You pick up a book of Burglary and begin reading...
   708 | D:1      | You add the spells Passwall, Ensorcelled Hibernation and
                  | Swiftness to your library.
   851 | D:2      | Reached XP level 3. HP: 31/31 MP: 5/5
  1160 | D:2      | HP: 1/31 [gnoll/+0 flail (11)]
  1162 | D:2      | Slain by a gnoll

Vanquished Creatures
  2 gnolls
  2 adders (D:2)
  A worm (D:2)
  3 dart slugs
  3 ball pythons
  2 goblins (D:1)
  4 hobgoblins
  4 jackals (D:1)
  4 bats
  A frilled lizard (D:2)
  5 kobolds (D:1)
31 creatures vanquished.

Table legend:
 A = Non-vault XP
 B = Vault XP
 C = Vault XP percentage of total XP
 D = Non-vault monster count
 E = Vault monster count
 F = Vault count percentage of total count
                 A         B        C        D         E       F
            +---------+---------+-------+---------+---------+-------
      Total |     108 |       0 |   0.0 |      31 |       0 |   0.0
            +---------+---------+-------+---------+---------+-------
        D:1 |      45 |       0 |   0.0 |      18 |       0 |   0.0
        D:2 |      63 |       0 |   0.0 |      13 |       0 |   0.0
            +---------+---------+-------+---------+---------+-------

Illustrated notes

Table legend:
 A = Kills in this place as a percentage of kills in entire the game.
 B = Kills by you in this place as a percentage of kills by you in the entire game.
 C = Kills by friends in this place as a percentage of kills by friends in the entire game.
 D = Other kills in this place as a percentage of other kills in the entire game.
 E = Experience gained in this place as a percentage of experience gained in the entire game.
 F = Experience gained in this place divided by the number of levels of this place that you have seen.
                   A       B       C       D       E      F
               +-------+-------+-------+-------+-------+----------------------
         Total | 100.0 | 100.0 |   N/A |   N/A | 100.0 |  54.0
       Dungeon | 100.0 | 100.0 |   N/A |   N/A | 100.0 |  54.0
               +-------+-------+-------+-------+-------+----------------------

Table legend: (Time is in decaauts)
 A = Elapsed time spent in this place.
 B = Non-inter-level travel time spent in this place.
 C = Inter-level travel time spent in this place.
 D = Time resting spent in this place.
 E = Time spent auto-exploring this place.
 F = Levels seen in this place.
 G = Mean time per level.
                   A        B        C        D        E       F      G
               +--------+--------+--------+--------+--------+-----+--------+
         Total |   1195 |   1164 |     31 |    219 |    659 |   2 |  597.5 |
       Dungeon |   1195 |   1164 |     31 |    219 |    659 |   2 |  597.5 |
               +--------+--------+--------+--------+--------+-----+--------+

Top non-repeatable levels by time:
     D:1: 935 daAuts
     D:2: 260 daAuts
